 Dungeon Crawl Stone Soup version 0.23-b1-84-g6588a6b (webtiles) character file.

Game seed: 15350768518267820594

1025 sighowe the Slasher (level 8, 0/73 HPs)
             Began as a Deep Dwarf Berserker on Feb 10, 2019.
             Was an Initiate of Elyvilon.
             Slain by a two-headed ogre
             ... wielding a cursed +0 giant club
              (2 damage)
             ... on level 6 of the Dungeon.
             The game lasted 00:22:24 (4916 turns).

sighowe the Slasher (Deep Dwarf Berserker)          Turns: 4916, Time: 00:22:25

Health: 0/73       AC: 11    Str: 22    XL:     8   Next: 2%
Magic:  1/1        EV: 14    Int:  9    God:    Elyvilon [......]
Gold:   231        SH:  5    Dex: 16    Spells: 7/7 levels left

rFire    . . .     SeeInvis .   h - +2 flail (protect)
rCold    . . .     Gourm    .   c - +0 buckler
rNeg     . . .     Faith    .   g - +1 leather armour
rPois    .         Spirit   .   (no helmet)
rElec    .         Reflect  .   d - +2 cloak {+Inv}
rCorr    .         Harm     .   f - +0 pair of gloves
MR       +....                  (no boots)
Stlth    ++........             (no amulet)
HPRegen  0.00/turn              (no ring)
MPRegen  0.07/turn              (no ring)

@: lethally poisoned (0 -> -14), very slightly contaminated, non-regenerating
A: damage resistance, heal wounds, yellow scales 1, agile 2, sense surroundings
1, sturdy frame 1, no regeneration
a: Heal Wounds, Renounce Religion, Evoke Invisibility


You were on level 6 of the Dungeon.
You worshipped Elyvilon.
Elyvilon was noncommittal.
You were not hungry.

You visited 2 branches of the dungeon, and saw 7 of its levels.

You collected 231 gold pieces.

Inventory:

Hand Weapons
 a - a +0 falchion
 h - a +2 flail of protection (weapon)
 l - a +2 dagger of venom
Missiles
 n - 3 tomahawks (quivered)
Armour
 b - a +0 animal skin
 c - a +0 buckler (worn)
 d - a +2 cloak of invisibility (worn)
 f - a +0 pair of gloves (worn)
 g - a +1 leather armour (worn)
Scrolls
 e - 5 scrolls of remove curse
 j - 4 scrolls of identify
Potions
 m - a potion of mutation
 p - a potion of agility
Comestibles
 i - 2 rations
 r - 2 chunks of flesh


   Skills:
 * Level 4.3 Fighting
 + Level 0.5(3.2) Short Blades
 + Level 5.7 Long Blades
 + Level 1.3 Maces & Flails
 * Level 1.2 Throwing
 * Level 4.5 Armour
 * Level 4.5 Dodging
 * Level 2.4 Stealth
 + Level 2.5 Shields
 + Level 0.0 Spellcasting
 + Level 0.2 Invocations
 + Level 1.1 Evocations


You had 7 spell levels left.
You didn't know any spells.
Your spell library contained the following spells:

 Spells                   Type           Power        Failure   Level  Hunger
 Animate Skeleton         Necr           N/A          45%         1    ##.....
 Apportation              Tloc           #.....       45%         1    ##.....
 Confusing Touch          Hex            #.....       45%         1    ##.....
 Summon Small Mammal      Summ           #...         45%         1    ##.....
 Irradiate                Conj/Tmut      #.........   100%        5    ######.
 Hydra Form               Tmut           #.........   100%        6    #######
 Statue Form              Tmut/Erth      #........    100%        6    #######
 Dragon Form              Tmut           #.........   100%        7    #######


Dungeon Overview and Level Annotations

Branches:
Dungeon (6/15)             Temple (1/1) D:5

Altars:
Ashenzari
Cheibriados
Dithmenos
Elyvilon
Fedhas
Gozag
Hepliaklqana
Kikubaaqudgha
Makhleb
Nemelex Xobeh
Okawaru
Qazlal
Ru
Sif Muna
Trog
Uskayaw
Vehumet
Wu Jian
Xom
Yredelemnul
Zin
The Shining One

Annotations:
D:6 ProzacElf's ghost, novice SpBe


Innate Abilities, Weirdness & Mutations

You are resistant to damage.
You can heal yourself by infusing magical energy.
You passively map a small area around you.
You do not regenerate.
You are partially covered in yellow scales. (AC +2)
You are very agile. (Dex +4)
Your movements are slightly less encumbered by armour. (ER -2)


Message History

ProzacElf's ghost is moderately damaged.
* * * LOW HITPOINT WARNING * * *
You feel very sick. You block the two-headed ogre's attack.
The two-headed ogre closely misses you. ProzacElf's ghost closely misses you.
* * * LOW HITPOINT WARNING * * *
You feel very sick.
* * * LOW HITPOINT WARNING * * *
You feel very sick.
* * * LOW HITPOINT WARNING * * *
You feel very sick.
* * * LOW HITPOINT WARNING * * *
You feel very sick.
You barely miss ProzacElf's ghost.
ProzacElf's ghost is moderately damaged.
* * * LOW HITPOINT WARNING * * *
You feel very sick. ProzacElf's ghost closely misses you.
The two-headed ogre hits you with a cursed +0 giant club.
You die...

.......#
#§§§§??#......#
.......#
##§.#§.%#......##
......##
#.§§#####.......#
** ......#
#......)......#.#*
, ......#
#.............##.#
.....##
##............##
.., .....#
#........†....# ,
.....#
#......OW....## *
, #...##
#.......@....# *
,, #..#
#...........## *
.## ####......###
* * ######## , , *
* *


You could see a two-headed ogre and ProzacElf's ghost.

Vanquished Creatures
  Sigmund (D:3)
  Edmund (D:4)
  An ogre (D:5)
  A bullfrog (D:6)
  A crimson imp (D:5)
  A centaur zombie (D:5)
  3 orc priests
  A centaur skeleton (D:4)
  2 hounds
  An orc wizard (D:2)
  2 iguanas
  3 worker ants
  4 gnolls (D:5)
  4 adders
  An adder zombie (D:4)
  3 worms
  A dart slug (D:4)
  5 leopard geckos
  14 orcs
  9 giant cockroaches
  11 goblins
  6 hobgoblins
  7 jackals
  9 kobolds
  2 quokkas (D:2)
  3 ball pythons
  10 bats
  10 frilled lizards
  7 rats
124 creatures vanquished.

Notes
Turn   | Place    | Note
-------+----------+-------------------------------------------
     0 | D:1      | sighowe the Deep Dwarf Berserker began the quest for the
                  | Orb.
     0 | D:1      | Reached XP level 1. HP: 20/20 MP: 1/1
   334 | D:1      | Reached XP level 2. HP: 27/27 MP: 2/2
  1015 | D:2      | Reached XP level 3. HP: 34/34 MP: 3/3
  1045 | D:2      | Reached skill level 4 in Long Blades
  1045 | D:2      | Reached XP level 4. HP: 33/42 MP: 3/3
  1174 | D:2      | Reached skill level 1 in Shields
  1280 | D:2      | Reached ** piety under Trog
  1521 | D:2      | Reached XP level 5. HP: 49/49 MP: 3/3
  2163 | D:3      | Noticed Sigmund
  2171 | D:3      | Killed Sigmund
  2171 | D:3      | Reached skill level 5 in Long Blades
  2171 | D:3      | Reached skill level 1 in Stealth
  2171 | D:3      | Reached XP level 6. HP: 56/56 MP: 4/4
  2258 | D:3      | Reached *** piety under Trog
  2460 | D:3      | Found a sacrificial altar of Ru.
  2658 | D:4      | Noticed Edmund
  2683 | D:4      | HP: 4/84 [iguana (9)]
  2691 | D:4      | HP: 1/56 [Edmund/+1 flail of protection (2)]
  2708 | D:4      | Killed Edmund
  2708 | D:4      | Reached XP level 7. HP: 31/63 MP: 3/3
  3457 | D:5      | Entered Level 5 of the Dungeon
  3547 | D:5      | Found an opulent altar of Gozag.
  3859 | D:5      | Reached skill level 1 in Maces & Flails
  4072 | D:5      | Found a staircase to the Ecumenical Temple.
  4350 | D:5      | Reached skill level 1 in Throwing
  4475 | Temple   | Entered the Ecumenical Temple
  4634 | Temple   | Fell from the grace of Trog
  4634 | Temple   | Became a worshipper of Elyvilon the Healer
  4872 | D:6      | Found a runed translucent door.
  4875 | D:6      | Noticed ProzacElf's ghost (novice SpBe)
  4875 | D:6      | Noticed a two-headed ogre
  4879 | D:6      | Reached skill level 1 in Evocations
  4879 | D:6      | Reached XP level 8. HP: 71/73 MP: 3/3
  4905 | D:6      | Gained mutation: Your movements are slightly less
                  | encumbered by armour. (ER -2) [potion of mutation]
  4905 | D:6      | Gained mutation: You are agile. (Dex +2) [potion of
                  | mutation]
  4905 | D:6      | Gained mutation: You are very agile. (Dex +4) [potion of
                  | mutation]
  4905 | D:6      | Gained mutation: You are partially covered in yellow
                  | scales. (AC +2) [potion of mutation]
  4906 | D:6      | HP: 1/73 [poisoned by ProzacElf's ghost]
  4916 | D:6      | HP: 2/73 [poisoned by ProzacElf's ghost]
  4916 | D:6      | Slain by a two-headed ogre

Skill      XL: |  1  2  3  4  5  6  7 |
---------------+----------------------+-----
Fighting       | 3 4 |  4.3
Long Blades    | 4 5 |  5.7
Shields        | 1 2 |  2.5
Dodging        | 3 4 |  4.5
Armour         | 3 4 |  4.5
Stealth        | 1 2 |  2.4
Maces & Flails | 1 |  1.3
Throwing       | 1 |  1.2
Evocations     | 1 |  1.1
Short Blades   | |  0.5
Invocations    | |  0.2

Action                   |  1- 3 |  4- 6 |  7- 9 || total
-------------------------+-------+-------+-------++-------
Melee: Falchion          |    80 |   208 |       ||   288
       Flail             |       |       |   131 ||   131
Throw: Tomahawk          |       |       |     6 ||     6
Invok: Berserk           |     8 |     6 |     4 ||    18
       Trog's Hand       |       |     1 |     5 ||     6
 Abil: Heal Wounds       |     4 |     4 |     5 ||    13
       Evoke Invisibilit |     1 |       |     1 ||     2
  Use: Scroll            |     1 |     3 |     7 ||    11
       Potion            |       |     2 |     1 ||     3
 Stab: Sleeping          |     1 |       |     1 ||     2
  Eat: Chunk             |     3 |    12 |     8 ||    23
       Ration            |     1 |       |     2 ||     3
Armor: Animal skin       |    52 |     9 |       ||    61
       Leather armour    |       |    72 |    67 ||   139
Dodge: Dodged            |   103 |   194 |   133 ||   430
Block: Buckler           |    21 |    50 |    36 ||   107
       Rpst.: Falchion   |    27 |    44 |       ||    71
